AoeStats
← Ypsilon

Arena

509677222Analyzed
4v4 RM · 6d ago on Sep 27, 2026· 21m 34s· 8 players
Game mode
Random Map
Map size
Large (8 player)
Population
200
Speed
Normal
Resources
Standard
Victory
Conquest
Starting age
Dark Age
Ending age
Imperial Age
RankedLock teamsTeams togetherTeam positionsShared explorationLock speedFull tech treeHidden civsTurbo modeCheats
Victory
Defeat
🇵🇪 Danes · Peru
1155
+16
🇳🇱 Huns · Netherlands
1129
+17
🇵🇱 Byzantines · Poland
1117
+18
🇬🇧 Saxons · United Kingdom
1099
+18
🇧🇷 Bohemians · Brazil
1210
-20
🇧🇷 Spanish · Brazil
1200
-19
🇧🇷 Franks · Brazil
1172
-18
🇧🇷 Poles · Brazil
1035
-12
MIB Asterix
10:53 Feudal Age
15:08 Castle Age
13:08 Double-Bit Axe
13:08 Horse Collar
15:03 Wheelbarrow
14:14 Loom
16:38 Bow Saw
16:31 Heavy Plow
22:20 Fervor
Pintley
10:41 Feudal Age
11:27 Double-Bit Axe
11:24 Horse Collar
16:52 Castle Age
16:14 Wheelbarrow
15:25 Loom
18:42 Fletching
tiwaz55
11:12 Feudal Age
11:52 Double-Bit Axe
11:49 Horse Collar
17:31 Castle Age
17:41 Loom
18:21 Heavy Plow
18:32 Bow Saw
18:32 Scale Barding Armor
19:24 Wheelbarrow
19:43 Forging
19:39 Gold Mining
Pepe el Pollo
9:47 Feudal Age
BColombo
11:43 Feudal Age
12:53 Double-Bit Axe
16:17 Castle Age
17:54 Wheelbarrow
17:43 Horse Collar
21:37 Hand Cart
Jonsim
8:22 Loom
11:14 Feudal Age
15:28 Castle Age
16:26 Double-Bit Axe
16:25 Horse Collar
16:37 Gold Mining
16:40 Stone Mining
HSWinter
10:23 Feudal Age
14:37 Castle Age
19:38 Loom
Ypsilon
12:54 Feudal Age
Connection lost

Rejoining the realm…

Still unreachable

The connection could not be restored.

Session expired

The server has moved on; the page needs a fresh start.